 Dungeon Crawl Stone Soup version 0.26.1-11-gd32895ea62 (webtiles) character file.

Game seed: 12626895577251396313

1038 phalm the Conjurer (level 8, 60/61 HPs)
             Began as a Demonspawn Conjurer on June 24, 2021.
             Quit the game on level 5 of the Dungeon.
             The game lasted 00:09:38 (6521 turns).

phalm the Conjurer (Demonspawn Conjurer)            Turns: 6521, Time: 00:09:38

Health: 60/61      AC: 10    Str:  7    XL:     8   Next: 4%
Magic:  9/14       EV: 12    Int: 20    God:
Gold:   283        SH:  0    Dex: 13    Spells: 13/16 levels left

rFire    . . .     SeeInvis .   w - +0 spear (venom)
rCold    . . .     Faith    +   (no shield)
rNeg     + . .     Spirit   .   a - +0 robe
rPois    +         Reflect  .   (no helmet)
rElec    .         Harm     .   F - +2 ratskin cloak {*Rats rPois rN+ Str-1 Int-1 Dex+1}
rCorr    .         Rampage  .   t - +0 pair of gloves
Will     .....                  (no boots)
Stlth    ++........             T - amulet of faith {!P}
HPRegen  0.20/turn              O - +4 ring of protection
MPRegen  0.14/turn              (no ring)

@: no status effects
A: hooves 1, powered by pain 1, sanguine armour 1
a: no special abilities


You were on level 5 of the Dungeon.
You visited 1 branch of the dungeon, and saw 5 of its levels.
You also visited: Sewer.

You collected 319 gold pieces.
You spent 36 gold pieces at shops.


Innate Abilities, Weirdness & Mutations

You have large cloven feet.
You sometimes gain a little power by taking damage.
When seriously injured, your bleeding wounds create armour. (AC +0)


   Skills:
 + Level 4.4 Fighting
 - Level 1.7 Dodging
 - Level 1.7 Stealth
 + Level 4.5 Spellcasting
 * Level 7.8 Conjurations


You had 13 spell levels left.
You knew the following spells:

 Your Spells              Type           Power        Failure   Level
m - Magic Dart            Conj           100%         1%          1
s - Searing Ray           Conj           70%          1%          2

Your spell library contained the following spells:

 Spells                   Type           Power        Failure   Level
 Dazzling Flash           Conj/Hex       40%          8%          3
 Animate Skeleton         Necr           8%           12%         1
 Apportation              Tloc           8%           12%         1
 Corona                   Hex            4%           12%         1
 Summon Small Mammal      Summ           16%          12%         1
 Fulminant Prism          Conj/Hex       10%          24%         4
 Iskenderun's Mystic Bla  Conj/Tloc      20%          24%         4

Inventory:

Hand Weapons
 e - a +0 dagger
   (You found it on level 1 of the Dungeon)
 k - a +0 whip of flaming
   (You took it off a kobold on level 1 of the Dungeon)
 w - a +0 spear of venom (weapon)
   (You found it on level 3 of the Dungeon)
 E - a +0 dagger
   (You found it in a sewer)
Missiles
 d - 172 stones
 j - 19 bolts
 q - 42 arrows
 u - 16 poisoned darts
 v - 11 boomerangs
 B - 59 sling bullets
Armour
 a - a +0 robe (worn)
 b - a scarf of invisibility
   (You found it on level 1 of the Dungeon)
 t - a +0 pair of gloves (worn)
   (You found it on level 3 of the Dungeon)
 z - a +0 kite shield
   (You found it on level 4 of the Dungeon)
 F - the +2 ratskin cloak (worn) {*Rats rPois rN+ Str-1 Int-1 Dex+1}
   (You found it on level 5 of the Dungeon)

   It affects your strength (-1).
   It affects your intelligence (-1).
   It affects your dexterity (+1).
   It protects you from poison.
   It protects you from negative energy.
Jewellery
 O - a +4 ring of protection (left hand)
   (You found it on level 3 of the Dungeon)
 T - an amulet of faith (around neck) {!P}
   (You found it on level 2 of the Dungeon)
Wands
 f - a wand of iceblast (8)
   (You found it on level 4 of the Dungeon)
 s - a wand of disintegration (11)
   (You found it on level 2 of the Dungeon)
Scrolls
 g - 3 scrolls of teleportation {@r4}
 i - 3 scrolls of remove curse {@r2}
 y - a scroll of enchant armour
 A - a scroll of fear {unknown}
Potions
 c - a potion of magic
 h - 2 potions of flight
 l - a potion of mutation {!q}
 m - 4 potions of curing {@q1}
 n - 2 potions of attraction {!q}
 o - 2 potions of might
 p - 2 potions of heal wounds {@q2}
 r - a potion of ambrosia {unknown}
 x - 2 potions of lignification {unknown}
 C - a potion of brilliance {unknown}
 D - 2 potions of berserk rage {unknown}

Dungeon Overview and Level Annotations

Branches:
Dungeon (5/15)              Sewer (visited)
 Temple: D:4-7

Altars:
Cheibriados
Nemelex Xobeh

Shops:
D:4 (!*

Annotations:
D:3 dig

*,,*,*********,* *,,,,,,,*
*,***** **,*,,*,* *,,,,,*
,,,**,*,* ****#.# ,,,**,*,*
#.# ,,,**,*,* #.# ,,,**,*,***
######.# *****,,,,,* #....#.#
*,,,,,* *,*#@#.##### *,,,,,*
*,*#.#.....#
*,*,*****,*#...."#.#
*<*,,,,,,,*#####.#.#
*****,,,,*****##...#...#
,,,,,,,,,+,,,,........>#
*****,,,,***,,...#....##
**,,,,,,,,,####...###########
*,*****,*,#......#.........#


There were no monsters in sight!


Message History

😎 MP[-1]
You lost 1 mp, and now have 12/13 mp.
Casting: Magic Dart (safe; 1% risk of failure)
Confirm with . or Enter, or press ? or * to list all spells.
Aiming: Magic Dart (safe; 1% risk of failure)
Press: ? - help, Shift-Dir - straight line, f/p - rat
Aim: a rat (heavily wounded, 0% to evade)
The magic dart hits the rat.
You kill the rat! 😎 MP[-1]
You lost 1 mp, and now have 11/13 mp.
Casting: Magic Dart (safe; 1% risk of failure)
Confirm with . or Enter, or press ? or * to list all spells.
You can't see any susceptible monsters within range! (Use Z to cast anyway.)
Casting: Magic Dart (safe; 1% risk of failure)
Confirm with . or Enter, or press ? or * to list all spells.
You can't see any susceptible monsters within range! (Use Z to cast anyway.)
You see here a hell rat skeleton.
A rat comes into view.
You see here a rat corpse. 😎 MP[+2]
Your mp is fully restored (13).
Casting: Magic Dart (safe; 1% risk of failure)
Confirm with . or Enter, or press ? or * to list all spells.
Aiming: Magic Dart (safe; 1% risk of failure)
Press: ? - help, Shift-Dir - straight line, f - rat
Aim: a rat (wandering, hasn't noticed you, 0% to evade)
The magic dart hits the rat!
You kill the rat! 😎 MP[-1]
You lost 1 mp, and now have 12/13 mp.
Casting: Magic Dart (safe; 1% risk of failure)
Confirm with . or Enter, or press ? or * to list all spells.
You can't see any susceptible monsters within range! (Use Z to cast anyway.)
Casting: Magic Dart (safe; 1% risk of failure)
Confirm with . or Enter, or press ? or * to list all spells.
You can't see any susceptible monsters within range! (Use Z to cast anyway.)
F - the +2 ratskin cloak {*Rats rPois rN+ Str-1 Int-1 Dex+1} 😎 MP[+1]
Your mp is fully restored (13).
You start removing your armour.
You continue taking off your scarf of invisibility. x4
You finish taking off your scarf of invisibility.
You start putting on your armour.
You continue putting on the +2 ratskin cloak {*Rats rPois rN+ Str-1 Int-1 Dex+1}. x5
You finish putting on the +2 ratskin cloak {*Rats rPois rN+ Str-1 Int-1 Dex+1}.
You feel weaker.
You feel stupid.
You feel agile.
You see here a rat corpse.
You see here a river rat skeleton.
You see here a hell rat skeleton.
You see here a hell rat skeleton.
An adder comes into view.
The adder moves out of view.
You see here a +0 hand axe.
Found a stone staircase leading down.
You now have 276 gold pieces (gained 12).
You now have 283 gold pieces (gained 7).
A leopard gecko comes into view.
You closely miss the leopard gecko. Your kick misses the leopard gecko.
The leopard gecko bites you but does no damage.
The leopard gecko closely misses you.
You closely miss the leopard gecko. Your kick misses the leopard gecko.
The leopard gecko closely misses you.
You closely miss the leopard gecko. You kick the leopard gecko.
The leopard gecko barely misses you.
You hit the leopard gecko.
You kill the leopard gecko!
No target in view!
No target in view!
Found a stone staircase leading up.
You see here a leopard gecko corpse.
You see here a leopard gecko corpse.
Found a stone staircase leading down.
B - 59 sling bullets (gained 19)
You see here an amulet of faith {!P}.
An ice beast comes into view.
Casting: Magic Dart (safe; 1% risk of failure)
Confirm with . or Enter, or press ? or * to list all spells.
Aiming: Searing Ray (safe; 1% risk of failure)
Press: ? - help, Shift-Dir - straight line, f - ice beast
Aim: an ice beast (asleep, 0% to evade)
The searing ray hits the ice beast! (Press . to maintain the ray.) 😎 MP[-2]
You lost 2 mp, and now have 11/13 mp.
The searing ray hits the ice beast!
The ice beast hits you but does no damage. 😎 MP[-1]
You lost 1 mp, and now have 10/13 mp.
The searing ray hits the ice beast!
You kill the ice beast!
Your life force feels restored.
You have reached level 8!
You feel agile.
Your demonic ancestry asserts itself...
You feel energised by your suffering. 😕 HP[+7] MP[-1]
You now have 61 max hp (+8).
You regained 7 hp, and now have 60/61 hp.
Are you sure you want to abandon this character and quit the game? (Confirm with "yes".)

Skill      XL: |  1  2  3  4  5  6  7 |
---------------+----------------------+-----
Fighting       | 1 2 3 4 |  4.4
Conjurations   | 5 6 7 |  7.8
Spellcasting   | 3 4 |  4.5
Dodging        | |  1.7
Stealth        | |  1.7

Action                   |  1- 3 |  4- 6 |  7- 9 || total
-------------------------+-------+-------+-------++-------
Melee: Whip              |    10 |    17 |       ||    27
       Dagger            |     1 |       |       ||     1
       Spear             |       |     7 |    18 ||    25
       Kick              |       |       |     2 ||     2
 Cast: Magic Dart        |    59 |   138 |    68 ||   265
       Searing Ray       |       |     3 |    11 ||    14
  Use: Scroll            |       |     9 |     2 ||    11
 Stab: Distracted        |       |       |     1 ||     1
Armor: Robe              |       |     9 |     9 ||    18
Dodge: Dodged            |    10 |    30 |    22 ||    62

Levels and vault maps discovered:
D:1:      zelgadis_glass_arrival_small, layout_rooms
D:2:      minmay_recursive_quarters, layout_basic, general_overflow_altar,
          nemelex_altar_shiori, kennysheep_donut
D:3:      minmay_roachtagon, layout_loops_corners, serial_glass,
          glass_columns_b, glass_columns_a, glass_columns_a, glass_columns_a,
          glass_columns_a, due_unseen_surprise
D:4:      layout_cave_pools, serial_shops, kennysheep_mini_moat, shop, shop,
          chequers_garden, grunt_tough_drop
D:5:      wander_guarded_unrand_ratskin, layout_basic,
          chequers_temple_overflow_statue_of_worship, gup_sewer_entry_pipe

Notes
Turn   | Place    | Note
-------+----------+-------------------------------------------
     0 | D:1      | phalm the Demonspawn Conjurer began the quest for the Orb.
     0 | D:1      | Reached XP level 1. HP: 13/13 MP: 3/3
     0 | D:1      | magus.rc [v1.9.10]
   204 | D:1      | Gained mutation: When seriously injured, your bleeding
                  | wounds create armour. (AC +0) [demonic ancestry]
   204 | D:1      | Reached XP level 2. HP: 20/20 MP: 1/5
   356 | D:1      | Reached skill level 1 in Fighting
   465 | D:1      | Learned a level 2 spell: Searing Ray
   624 | D:1      | Reached XP level 3. HP: 24/26 MP: 0/6
  1534 | D:2      | Reached XP level 4. HP: 24/33 MP: 1/7
  1676 | D:2      | Found a snail-covered altar of Cheibriados.
  1800 | D:2      | Reached skill level 5 in Conjurations
  1958 | D:2      | Reached skill level 2 in Fighting
  2248 | D:2      | Found a sparkling altar of Nemelex Xobeh.
  3072 | D:3      | Reached XP level 5. HP: 38/38 MP: 6/9
  3892 | D:4      | Reached skill level 3 in Spellcasting
  4197 | D:4      | Noticed a phantom
  4226 | D:4      | Killed a phantom
  4227 | D:4      | Reached skill level 6 in Conjurations
  4227 | D:4      | Reached XP level 6. HP: 30/46 MP: 0/11
  4347 | D:4      | Reached skill level 3 in Fighting
  4415 | D:4      | Found Ceasul's Antique Weapon Shoppe.
  4665 | D:4      | Found Quritul's Distillery.
  4673 | D:4      | Bought a potion of curing for 36 gold pieces
  4726 | D:4      | You pick up a book of Cantrips and begin reading...
  4726 | D:4      | You add the spells Corona, Animate Skeleton, Summon Small
                  | Mammal and Apportation to your library.
  4899 | D:4      | Gained mutation: You have large cloven feet. [demonic
                  | ancestry]
  4899 | D:4      | Reached XP level 7. HP: 52/52 MP: 8/12
  5175 | D:4      | Found Miul Ehe's General Store.
  5305 | D:4      | Reached skill level 4 in Spellcasting
  5380 | D:5      | Entered Level 5 of the Dungeon
  5385 | D:5      | Reached skill level 7 in Conjurations
  5460 | D:5      | Found a glowing drain.
  5544 | Sewer    | Entered a sewer
  5626 | Sewer    | Reached skill level 4 in Fighting
  6026 | D:5      | HP: 12/52 [hell rat (4)]
  6344 | D:5      | Found the +2 ratskin cloak {*Rats rPois rN+ Str-1 Int-1
                  | Dex+1}
  6521 | D:5      | Gained mutation: You sometimes gain a little power by
                  | taking damage. [demonic ancestry]
  6521 | D:5      | Reached XP level 8. HP: 60/61 MP: 9/14
  6521 | D:5      | Quit the game

Vanquished Creatures
  A water moccasin (Sewer)
  An ice beast (D:5)
  2 ogres
  A phantom (D:4)
  2 scorpions (D:4)
  A gnoll shaman (D:3)
  A jelly (D:4)
  2 bullfrog skeletons
  An iguana (D:4)
  A worker ant (D:4)
  3 hell rats (D:5)
  4 gnolls
  5 adders
  4 river rats (D:5)
  An ooze (D:4)
  2 adder skeletons (D:4)
  An adder zombie (D:4)
  2 worms
  2 dart slugs
  9 leopard geckos
  2 orcs
  8 bats
  17 giant cockroaches
  7 goblins
  8 hobgoblins
  4 jackals (D:4)
  2 quokkas (D:4)
  8 frilled lizards
  A jackal skeleton (D:4)
  9 kobolds
  A quokka skeleton (D:4)
  17 rats
130 creatures vanquished.

Table legend:
 A = Non-vault XP
 B = Vault XP
 C = Vault XP percentage of total XP
 D = Non-vault monster count
 E = Vault monster count
 F = Vault count percentage of total count
                 A         B        C        D         E       F
            +---------+---------+-------+---------+---------+-------
      Total |     996 |     488 |  32.9 |      74 |      56 |  43.1
            +---------+---------+-------+---------+---------+-------
        D:1 |      54 |       0 |   0.0 |      23 |       0 |   0.0
        D:2 |      58 |      58 |  50.0 |       6 |      10 |  62.5
        D:3 |      63 |      18 |  22.2 |      14 |       9 |  39.1
        D:4 |     570 |      75 |  11.6 |      27 |       3 |  10.0
        D:5 |     251 |     183 |  42.2 |       4 |      28 |  87.5
      Sewer |       0 |     154 | 100.0 |       0 |       6 | 100.0
            +---------+---------+-------+---------+---------+-------

Illustrated notes

Table legend:
 A = Kills in this place as a percentage of kills in entire the game.
 B = Kills by you in this place as a percentage of kills by you in the entire game.
 C = Kills by friends in this place as a percentage of kills by friends in the entire game.
 D = Other kills in this place as a percentage of other kills in the entire game.
 E = Experience gained in this place as a percentage of experience gained in the entire game.
 F = Experience gained in this place divided by the number of levels of this place that you have seen.
                   A       B       C       D       E      F
               +-------+-------+-------+-------+-------+----------------------
         Total | 100.0 | 100.0 |   N/A |   N/A | 100.0 | 247.3
       Dungeon |  95.4 |  95.4 |   N/A |   N/A |  89.6 | 266.0
         Sewer |   4.6 |   4.6 |   N/A |   N/A |  10.4 | 154.0
               +-------+-------+-------+-------+-------+----------------------

Table legend: (Time is in decaauts)
 A = Elapsed time spent in this place.
 B = Non-inter-level travel time spent in this place.
 C = Inter-level travel time spent in this place.
 D = Time resting spent in this place.
 E = Time spent auto-exploring this place.
 F = Levels seen in this place.
 G = Mean time per level.
                   A        B        C        D        E       F      G
               +--------+--------+--------+--------+--------+-----+--------+
         Total |   6529 |   6346 |    183 |    106 |   5500 |   6 | 1088.2 |
       Dungeon |   6318 |   6135 |    183 |    106 |   5347 |   5 | 1263.6 |
         Sewer |    210 |    210 |      0 |      0 |    153 |   1 |  210.0 |
               +--------+--------+--------+--------+--------+-----+--------+

Top non-repeatable levels by time:
     D:4: 1564 daAuts
     D:2: 1381 daAuts
     D:3: 1350 daAuts
     D:1: 1085 daAuts
     D:5: 935 daAuts
   Sewer: 210 daAuts
